Workbook
Name \0: #REF!
Name \00: #REF!
Name \a: #REF!
Name \AA: [1]LIQUIDACION!#REF!
Name \b: [2]STRSUMM0!#REF!
Name \bb: [2]STRSUMM0!#REF!
Name \E: #REF!
Name \EE: #REF!
Name \G: #REF!
Name \k: '[3]7422CW00'!#REF!
Name \l: [4]STRSUMM0!#REF!
Name \M: #REF!
Name \ñ: '[5]7422CW00'!#REF!
Name \P: #REF!
Name \R: #REF!
Name \s: #REF!
Name \V: #REF!
Name \X: [0]!ERR
Name \Z: [0]!ERR
Name _________AFC1: [6]INV!$A$25:$D$28
Name _________AFC3: [6]INV!$F$25:$I$28
Name _________AFC5: [6]INV!$K$25:$N$28
Name _________BGC1: [6]INV!$A$5:$D$8
Name _________BGC3: [6]INV!$F$5:$I$8
Name _________BGC5: [6]INV!$K$5:$N$8
Name _________CAC1: [6]INV!$A$19:$D$22
Name _________CAC3: [6]INV!$F$19:$I$22
Name _________CAC5: [6]INV!$K$19:$N$22
Name _________PJ50: #REF!
Name _________SBC1: [6]INV!$A$12:$D$15
Name _________SBC3: [6]INV!$F$12:$I$15
Name _________SBC5: [6]INV!$K$12:$N$15
Name ________AFC1: [6]INV!$A$25:$D$28
Name ________AFC3: [6]INV!$F$25:$I$28
Name ________AFC5: [6]INV!$K$25:$N$28
Name ________BGC1: [6]INV!$A$5:$D$8
Name ________BGC3: [6]INV!$F$5:$I$8
Name ________BGC5: [6]INV!$K$5:$N$8
Name ________CAC1: [6]INV!$A$19:$D$22
Name ________CAC3: [6]INV!$F$19:$I$22
Name ________CAC5: [6]INV!$K$19:$N$22
Name ________MA2: #REF!
Name ________PJ50: #REF!
Name ________SBC1: [6]INV!$A$12:$D$15
Name ________SBC3: [6]INV!$F$12:$I$15
Name ________SBC5: [6]INV!$K$12:$N$15
Name _______AFC1: [6]INV!$A$25:$D$28
Name _______AFC3: [6]INV!$F$25:$I$28
Name _______AFC5: [6]INV!$K$25:$N$28
Name _______BGC1: [6]INV!$A$5:$D$8
Name _______BGC3: [6]INV!$F$5:$I$8
Name _______BGC5: [6]INV!$K$5:$N$8
Name _______CAC1: [6]INV!$A$19:$D$22
Name _______CAC3: [6]INV!$F$19:$I$22
Name _______CAC5: [6]INV!$K$19:$N$22
Name _______MA2: #REF!
Name _______PJ50: #REF!
Name _______SBC1: [6]INV!$A$12:$D$15
Name _______SBC3: [6]INV!$F$12:$I$15
Name _______SBC5: [6]INV!$K$12:$N$15

Sheet PRESUPUESTO OFICIAL
H2: .
C3: Formulario 1 - Propuesta económica - Documento tipo de mínima cuantía de obra pública de infraestructura de transporte - versión 2
C4: Código | D4: CCE-EICP-FM-32 | E4: Versión | F4: 2
C5: FORMULARIO 1
C6: PRESUPUESTO OFICIAL
C7: IP-DT-BOL-004-2023 OBJETO: ATENCION DE SITIO CRITICO DE LA RED TERCIARIA NACIONAL- EN LA VIA ROCHA - PUERTO BADEL, MUNICIPIO DE ARJONA, DEPTO DE BOLIVAR. TERRITORIAL BOLIVAR
C10: Nº | D10: ÍTEM DE PAGO | E10: ESPECIFICACIONES | G10: DESCRIPCIÓN | H10: UND. | I10: CANTIDAD | J10: VALOR UNITARIO | K10: VALOR TOTAL
E11: GENERAL | F11: PARTICULAR
C12: I. ESTRUCTURAS DE DRENAJE BOX CULVERT 2x2 L=7m
C13: 1 | D13: 600.1.1 | E13: 600 | G13: Excavaciones varias sin clasificar | H13: m3 | I13: 29 | J13: ='600.1.1'!N110 -> 30601 | K13: =J13*I13 -> 887429
C14: 2 | D14: 630.1.6 | E14: 630 | G14: Concreto liviano resistencia 14MPa (F) - Mezcla in situ | H14: m3 | I14: 2.1 | J14: ='630.1.6'!N110 -> 456481 | K14: =J14*I14 -> 958610.1
C15: 3 | D15: 630.1.3.1 | E15: 630 | G15: Concreto reforzado resistencia 28MPa (C) - Mezcla in situ | H15: m3 | I15: 32 | J15: ='630.1.3.1'!N110 -> 1132389 | K15: =J15*I15 -> 36236448 | N15: NO MODIFICAR
C16: 4 | D16: 640.1 | E16: 640 | G16: Acero de Refuerzo Fy 4200 Mpa | H16: Kg | I16: 2925 | J16: ='640.1'!N110 -> 6627 | K16: =J16*I16 -> 19383975 | N16: NO MODIFICAR
C17: 5 | D17: 610.1 | E17: 610 | G17: Relleno para estructuras con suelo (analizado sin preparación de la superficie base del relleno) | H17: m3 | I17: 28 | J17: ='610.1'!N110 -> 126971 | K17: =J17*I17 -> 3555188 | N17: NO MODIFICAR
C18: 6 | D18: 311.1 | E18: 311 | G18: Afirmado | H18: m3 | I18: 208 | J18: ='311.1'!N110 -> 121056 | K18: =J18*I18 -> 25179648 | N18: NO MODIFICAR
C19: Subtotal | K19: =SUM(K13:K18) -> 86201298
C20: II. EXPLANACIONES - 800 MTS CONFORMACION
C21: 7 | D21: 310.1 | E21: 310 | G21: Conformación de la calzada existente | H21: m2 | I21: 4800 | J21: ='310.1'!N110 -> 1590 | K21: =J21*I21 -> 7632000 | N21: NO MODIFICAR
C22: 8 | D22: 210.2.2 | E22: 210 | G22: Excavación en material común de la explanación y canales | H22: m3 | I22: 15 | J22: ='210.2.2'!N110 -> 15671 | K22: =J22*I22 -> 235065
C23: 9 | D23: 311.1 | E23: 310 | G23: Afirmado | H23: m3 | I23: 43 | J23: ='311.1'!N110 -> 121056 | K23: =J23*I23 -> 5205408 | N23: NO MODIFICAR
C24: Subtotal | K24: =SUM(K21:K23) -> 13072473
C25: SUBTOTAL OBRAS | K25: =K19+K24 -> 99273771
G27: IVA sobre la Utilidad (19% de U) | K27: =ROUND(0.19*0.05*K25/(1+K35),0) -> 725462
G28: VALOR TOTAL | K28: =ROUND(K25+K27,0) -> 99999233
C31: NOTA 1: Se debe tener en cuenta que el PRECIO UNITARIO incluye el valor de AIU. | H31: DESCRIPCION | K31: PORCENTAJE
C32: NOTA 2: Cuando la fracción decimal del peso sea igual o superior a 5 se aproximará por exceso al número entero siguiente del peso y cuando la fracción decimal del peso sea inferior a 5 se aproximará por defecto al número entero del peso. | H32: ADMINISTRACIÓN | J32: A= | K32: 0.2 | N32: NO MODIFICAR
C33: NOTA 3: El AIU y su discriminación deben estar en porcentaje (%). De lo contrario será rechazada su oferta. | H33: IMPREVISTO | J33: I= | K33: 0.05 | N33: NO MODIFICAR
C34: NOTA 4: Si el proponente cambia los valores de los items definidos como no modificar, su oferta economica será rechazada. | H34: UTILIDAD | J34: U= | K34: 0.05
H35: TOTAL A.I.U | J35: A.I.U.= | K35: =SUM(K32:K34) -> 0.3

Sheet PROPUESTA ECONOMICA
C3: Formulario 1 - Propuesta económica - Documento tipo de mínima cuantía de obra pública de infraestructura de transporte - versión 2
C4: Código | D4: CCE-EICP-FM-32 | E4: Versión | F4: 2
C5: FORMULARIO 1
C6: PRESUPUESTO OFICIAL
C7: IP-DT-BOL-004-2023 OBJETO: ATENCION DE SITIO CRITICO DE LA RED TERCIARIA NACIONAL- EN LA VIA ROCHA - PUERTO BADEL, MUNICIPIO DE ARJONA, DEPTO DE BOLIVAR. TERRITORIAL BOLIVAR
C10: Nº | D10: ÍTEM DE PAGO | E10: ESPECIFICACIONES | G10: DESCRIPCIÓN | H10: UND. | I10: CANTIDAD | J10: VALOR UNITARIO | K10: VALOR TOTAL
E11: GENERAL | F11: PARTICULAR
C12: I. ESTRUCTURAS DE DRENAJE BOX CULVERT 2x2 L=7m
C13: 1 | D13: 600.1.1 | E13: 600 | G13: Excavaciones varias sin clasificar | H13: m3 | I13: 29
C14: 2 | D14: 630.1.6 | E14: 630 | G14: Concreto liviano resistencia 14MPa (F) - Mezcla in situ | H14: m3 | I14: 2.1
C15: 3 | D15: 630.1.3.1 | E15: 630 | G15: Concreto reforzado resistencia 28MPa (C) - Mezcla in situ | H15: m3 | I15: 32
C16: 4 | D16: 640.1 | E16: 640 | G16: Acero de Refuerzo Fy 4200 Mpa | H16: Kg | I16: 2925
C17: 5 | D17: 610.1 | E17: 610 | G17: Relleno para estructuras con suelo (analizado sin preparación de la superficie base del relleno) | H17: m3 | I17: 28
C18: 6 | D18: 311.1 | E18: 311 | G18: Afirmado | H18: m3 | I18: 208
C19: Subtotal
C20: II. EXPLANACIONES - 800 MTS CONFORMACION
C21: 7 | D21: 310.1 | E21: 310 | G21: Conformación de la calzada existente | H21: m2 | I21: 4800
C22: 8 | D22: 210.2.2 | E22: 210 | G22: Excavación en material común de la explanación y canales | H22: m3 | I22: 15
C23: 9 | D23: 311.1 | E23: 310 | G23: Afirmado | H23: m3 | I23: 43
C24: Subtotal
C25: SUBTOTAL OBRAS
G27: IVA sobre la Utilidad (19% de U)
G28: SUBTOTAL OBRAS (INCLUYE IVA)
G29: REVISIÓN Y/O AJUSTES A ESTUDIOS Y DISEÑOS (Placa Huella, Pavimento y Estructuras de Drenaje)
G30: IVA - REVISIÓN, AJUSTE Y/O ACTUALIZACIÓN Y/O MODIFICACIÓN Y/O COMPLEMENTACIÓN DE ESTUDIOS Y DISEÑOS
G31: VALOR TOTAL
C34: NOTA 1: Se debe tener en cuenta que el PRECIO UNITARIO incluye el valor de AIU. | H34: DESCRIPCION | K34: PORCENTAJE
C35: NOTA 2: Cuando la fracción decimal del peso sea igual o superior a 5 se aproximará por exceso al número entero siguiente del peso y cuando la fracción decimal del peso sea inferior a 5 se aproximará por defecto al número entero del peso. | H35: ADMINISTRACIÓN | J35: A=
C36: NOTA 3: El AIU y su discriminación deben estar en porcentaje (%). De lo contrario será rechazada su oferta. | H36: IMPREVISTO | J36: I=
H37: UTILIDAD | J37: U=
H38: TOTAL A.I.U | J38: A.I.U.=

Sheet 600.1.1
K1: CÓDIGO | L1: FR-APU-1
C2: INSTITUTO NACIONAL DE VIAS
C3: ANÁLISIS DE PRECIOS UNITARIOS REGIONALIZADOS DE REFERENCIA | K3: VERSIÓN | L3: 2021
C5: ACTUALIZACIÓN PERIÓDICA | K5: PÁGINA
K8: FECHA
L9: (Día) | M9: (Mes) | N9: (Año)
B10: ÍTEM BASE DE APU DE REFERENCIA: | E10: ⊠ | F10: PUBLICACIÓN: | H10: 2022-2 DICIEMBRE 2022
B12: ÍTEM DE PROYECTO PARTICULAR:
B13: ÍTEM DE LA PROPUESTA ECONÓMICA: | E13: □ | H13: ÍTEM NO PREVISTO: | J13: □ | K13: ÍTEM APU PARTICULAR: | M13: □
B14: UNIDAD EJECUTORA: | J14: DIRECCIÓN TERRITORIAL:
B17: CONTRATO No. | D17: FECHA:
B18: OBJETO DEL CONTRATO:
B21: CARRETERA: | J21: SECTOR:
B23: CONTRATISTA:
B25: INTERVENTOR: | K25: CONTRATO No. | M25: FECHA: | N25: ______________
B27: FECHA DE CIERRE DEL PROCESO DE SELECCIÓN DEL CONTRATO: | I27: / | J27: /
F28: (Día) | H28: (Día) | I28: (Mes) | J28: (Año)
B30: DATOS ESPECÍFICOS
B32: ÍTEM | C32: DESCRIPCIÓN | J32: GRUPO DE AJUSTE | L32: UNIDAD | N32: CANTIDAD
B33: 600.1.1 | C33: EXCAVACIONES VARIAS SIN CLASIFICAR | L33: m3
B35: I. EQUIPO
B37: CÓDIGO | C37: DESCRIPCIÓN | J37: TIPO | K37: TARIFA/HORA | L37: RENDIMIENTO | N37: Vr. UNITARIO
B38: C0010270 | C38: Compresor portátil de 70 a 120 HP, con martillo | K38: =VLOOKUP(B38,[115]EQUIPOS!$C$6:$G$137,5,0) -> 95434.111 | L38: =1/25 -> 0.04 | N38: =K38*L38 -> 3817.3645
B39: C0010790 | C39: Retroexcavadora sobre oruga, potencia 158 kw, balde de 1.5 m3 | K39: =VLOOKUP(B39,[115]EQUIPOS!$C$6:$G$137,5,0) -> 199786.21 | L39: =1/25 -> 0.04 | N39: =K39*L39 -> 7991.4483
N40: =K40*L40 -> 0
N41: =K41*L41 -> 0
N42: =K42*L42 -> 0
N43: =K43*L43 -> 0
N44: =K44*L44 -> 0
N45: =K45*L45 -> 0
N46: =K46*L46 -> 0
N47: =K47*L47 -> 0
N48: =K48*L48 -> 0
N49: =K49*L49 -> 0
N50: =K50*L50 -> 0
N51: =K51*L51 -> 0
C52: HERRAMIENTA MENOR (%) | L52: 0.05 | N52: =L52*N98 -> 57.041667
B53: SUBTOTAL $ | N53: =SUM(N38:N52) -> 11865.854
B55: II. MATERIALES
B57: CÓDIGO | C57: DESCRIPCIÓN | J57: UNIDAD | K57: CANTIDAD | L57: PRECIO UNIT. | N57: Vr. UNITARIO
B58: B0013790 | C58: Derecho de explotación y/o disposición de materiales | J58: m3 | K58: 1.3 | L58: =VLOOKUP(B58,[115]MATERIALES!$C$6:$F$373,4,0) -> 7199.9085 | N58: =K58*L58 -> 9359.881
N59: =K59*L59 -> 0
N60: =K60*L60 -> 0
N61: =K61*L61 -> 0
N62: =K62*L62 -> 0
N63: =K63*L63 -> 0
N64: =K64*L64 -> 0
N65: =K65*L65 -> 0
N66: =K66*L66 -> 0
N67: =K67*L67 -> 0
N68: =K68*L68 -> 0
N69: =K69*L69 -> 0
N70: =K70*L70 -> 0
... N72: =K72*L72 -> 0
B73: SUBTOTAL $ | N73: =SUM(N58:N72) -> 9359.881
B75: III. TRANSPORTES
B77: CÓDIGO | C77: DESCRIPCIÓN | I77: UNIDAD | J77: CANTIDAD (1) | K77: DISTANCIA (2) | L77: (1) * (2) | M77: TARIFA | N77: Vr. UNITARIO
B78: T0010025 | C78: Transporte de material de excavación | I78: m3-km | J78: =K58 -> 1.3 | K78: 1 | L78: =J78*K78 -> 1.3 | M78: =VLOOKUP(B78,[115]TRANSPORTE!$C$6:$F$40,4,0) -> 901.78941 | N78: =L78*M78 -> 1172.3262
N79: =L79*M79 -> 0
N80: =L80*M80 -> 0
N81: =L81*M81 -> 0
N82: =L82*M82 -> 0
B83: SUBTOTAL $ | N83: =SUM(N78:N82) -> 1172.3262
B85: IV. MANO DE OBRA
B87: CÓDIGO | C87: DESCRIPCIÓN | I87: JORNAL | J87: PRESTACIONES (%) | K87: JR. TOTAL | L87: RENDIMIENTO | N87: Vr. UNITARIO
B88: A0030020 | C88: Obrero (2) | I88: =K88/J88*100 -> 66666.667 | J88: 185 | K88: =VLOOKUP(B88,'[115]MANO DE OBRA'!$C$15:$F$79,4,0) -> 123333.33 | L88: 200 | N88: =K88/L88 -> 616.66667
B89: A0040010 | C89: Oficial | I89: =K89/J89*100 -> 56666.667 | J89: 185 | K89: =VLOOKUP(B89,'[115]MANO DE OBRA'!$C$15:$F$79,4,0) -> 104833.33 | L89: 200 | N89: =K89/L89 -> 524.16667
B98: SUBTOTAL $ | N98: =SUM(N88:N97) -> 1140.8333
B100: TOTAL COSTO DIRECTO $ | N100: =N53+N73+N83+N98 -> 23538.895
B102: V. COSTOS INDIRECTOS
B104: DESCRIPCIÓN | K104: Porcentaje | L104: Valor Total
B105: ADMINISTRACION | K105: 0.2 | L105: =K105*N100 -> 4707.779
B106: IMPREVISTOS | K106: 0.05 | L106: =K106*N100 -> 1176.9448
B107: UTILIDAD | K107: 0.05 | L107: =K107*N100 -> 1176.9448
B108: SUBTOTAL $ | N108: =L105+L106+L107 -> 7061.6685
B110: Precio Unitario Total Aproximado al Peso $ | N110: =ROUND(N100+N108,0) -> 30601
E115: Firma
E116: Nombre:
E117: Representante Legal del Contratista o su Apoderado
E118: Matricula No. :
B120: OBSERVACIONES INTERVENTORÍA:
B125: APROBACIÓN POR INTERVENTORÍA
B126: Nota 1: Cuando se trate de Análisis de precios unitarios correspondientes a ítems de la propuesta económica aprobada, el Interventor aprueba el desglose de los componentes manteniendo el mismo precio unitario de cada ítem, cumpliendo con las especificaciones de construcción vigentes para el proyecto.
B128: Nota 2: Cuando se trate de Análisis de precios unitarios de ítems no previstos, el Interventor aprueba el desglose y precio unitario de cada ítem no previsto, exigiendo la aplicación de los costos correspondientes a insumos y tarifas de la propuesta económica inicial cuando estén contemplados, cumpliendo con las especificaciones de construcción vigente para el proyecto.
E134: Firma
E135: Nombre:
E136: Representante Legal del Interventor o su Apoderado
E137: Matricula No. :
B139: NOTA: Los documentos publicados periódicamente son propiedad del Instituto Nacional de Vías. Su uso con fines comerciales o de lucro a cualquier título sin previa autorización, está totalmente prohibido y constituye una infracción a la normatividad vigente.

Sheet 630.1.6
K1: CÓDIGO | L1: FR-APU-1
C2: INSTITUTO NACIONAL DE VIAS
C3: ANÁLISIS DE PRECIOS UNITARIOS REGIONALIZADOS DE REFERENCIA | K3: VERSIÓN | L3: 2021
C5: ACTUALIZACIÓN PERIÓDICA | K5: PÁGINA
K8: FECHA
L9: (Día) | M9: (Mes) | N9: (Año)
B10: ÍTEM BASE DE APU DE REFERENCIA: | E10: ⊠ | F10: PUBLICACIÓN: | H10: 2022-2 DICIEMBRE 2022
B12: ÍTEM DE PROYECTO PARTICULAR:
B13: ÍTEM DE LA PROPUESTA ECONÓMICA: | E13: □ | H13: ÍTEM NO PREVISTO: | J13: □ | K13: ÍTEM APU PARTICULAR: | M13: □
B14: UNIDAD EJECUTORA: | J14: DIRECCIÓN TERRITORIAL:
B17: CONTRATO No. | D17: FECHA:
B18: OBJETO DEL CONTRATO:
B21: CARRETERA: | J21: SECTOR:
B23: CONTRATISTA:
B25: INTERVENTOR: | K25: CONTRATO No. | M25: FECHA: | N25: ______________
B27: FECHA DE CIERRE DEL PROCESO DE SELECCIÓN DEL CONTRATO: | I27: / | J27: /
F28: (Día) | H28: (Día) | I28: (Mes) | J28: (Año)
B30: DATOS ESPECÍFICOS
B32: ÍTEM | C32: DESCRIPCIÓN | J32: GRUPO DE AJUSTE | L32: UNIDAD | N32: CANTIDAD
B33: 630.1.6 | C33: CONCRETO LIVIANO RESISTENCIA 14MPa (F) - MEZCLA IN SITU | L33: m3
B35: I. EQUIPO
B37: CÓDIGO | C37: DESCRIPCIÓN | J37: TIPO | K37: TARIFA/HORA | L37: RENDIMIENTO | N37: Vr. UNITARIO
B38: C0010550 | C38: Mezcladora de concreto tipo trompo | K38: =VLOOKUP(B38,[115]EQUIPOS!$C$6:$G$137,5,0) -> 7686.7022 | L38: =1/1 -> 1 | N38: =K38*L38 -> 7686.7022
B39: C0010922 | C39: Vibrador de concreto, potencia aproximada de 3 hp, mangueras de 4 a 6 metros | K39: =VLOOKUP(B39,[115]EQUIPOS!$C$6:$G$137,5,0) -> 6910.9599 | L39: 1 | N39: =K39*L39 -> 6910.9599
N40: =K40*L40 -> 0
N41: =K41*L41 -> 0
N42: =K42*L42 -> 0
N43: =K43*L43 -> 0
N44: =K44*L44 -> 0
N45: =K45*L45 -> 0
N46: =K46*L46 -> 0
N47: =K47*L47 -> 0
N48: =K48*L48 -> 0
N49: =K49*L49 -> 0
N50: =K50*L50 -> 0
N51: =K51*L51 -> 0
C52: HERRAMIENTA MENOR (%) | L52: 0.05 | N52: =L52*N98 -> 3738.5417
B53: SUBTOTAL $ | N53: =SUM(N38:N52) -> 18336.204
B55: II. MATERIALES
B57: CÓDIGO | C57: DESCRIPCIÓN | J57: UNIDAD | K57: CANTIDAD | L57: PRECIO UNIT. | N57: Vr. UNITARIO
B58: B0053103 | C58: Agregado grueso (grava, grava triturada y/o roca triturada) | J58: m3 | K58: 0.84 | L58: =VLOOKUP(B58,[115]MATERIALES!$C$6:$F$373,4,0) -> 69756.045 | N58: =K58*L58 -> 58595.078
B59: B0063200 | C59: Agua | J59: L | K59: 185 | L59: =VLOOKUP(B59,[115]MATERIALES!$C$6:$F$373,4,0) -> 97.193242 | N59: =K59*L59 -> 17980.75
B60: B0053101 | C60: Agregado fino para concreto (tamaño máximo 4,75mm - arena natural o trituración de roca, gravas, y/o escorias) | J60: m3 | K60: 0.63 | L60: =VLOOKUP(B60,[115]MATERIALES!$C$6:$F$373,4,0) -> 60891.647 | N60: =K60*L60 -> 38361.738
B61: B0103569 | C61: Cemento hidráulico NTC 121 tipo UG | J61: kg | K61: 260 | L61: =VLOOKUP(B61,[115]MATERIALES!$C$6:$F$373,4,0) -> 545.26497 | N61: =K61*L61 -> 141768.89
N62: =K62*L62 -> 0
N63: =K63*L63 -> 0
N64: =K64*L64 -> 0
N65: =K65*L65 -> 0
N66: =K66*L66 -> 0
N67: =K67*L67 -> 0
N68: =K68*L68 -> 0
N69: =K69*L69 -> 0
N70: =K70*L70 -> 0
N71: =K71*L71 -> 0
N72: =K72*L72 -> 0
B73: SUBTOTAL $ | N73: =SUM(N58:N72) -> 256706.46
B75: III. TRANSPORTES
B77: CÓDIGO | C77: DESCRIPCIÓN | I77: UNIDAD | J77: CANTIDAD (1) | K77: DISTANCIA (2) | L77: (1) * (2) | M77: TARIFA | N77: Vr. UNITARIO
B78: T0010400 | C78: Transporte de agregados | I78: m3-km | J78: =K58+K60 -> 1.47 | K78: 1 | L78: =J78*K78 -> 1.47 | M78: =VLOOKUP(B78,[115]TRANSPORTE!$C$6:$F$40,4,0) -> 901.78941 | N78: =L78*M78 -> 1325.6304
N79: =L79*M79 -> 0
N80: =L80*M80 -> 0
N81: =L81*M81 -> 0
N82: =L82*M82 -> 0
B83: SUBTOTAL $ | N83: =SUM(N78:N82) -> 1325.6304
B85: IV. MANO DE OBRA
B87: CÓDIGO | C87: DESCRIPCIÓN | I87: JORNAL | J87: PRESTACIONES (%) | K87: JR. TOTAL | L87: RENDIMIENTO | N87: Vr. UNITARIO
B88: A0030080 | C88: Obrero (8) | I88: =K88/J88*100 -> 266666.67 | J88: 185 | K88: =VLOOKUP(B88,'[115]MANO DE OBRA'!$C$15:$F$79,4,0) -> 493333.33 | L88: 8 | N88: =K88/L88 -> 61666.667
B89: A0040010 | C89: Oficial | I89: =K89/J89*100 -> 56666.667 | J89: 185 | K89: =VLOOKUP(B89,'[115]MANO DE OBRA'!$C$15:$F$79,4,0) -> 104833.33 | L89: 8 | N89: =K89/L89 -> 13104.167
B98: SUBTOTAL $ | N98: =SUM(N88:N97) -> 74770.833
B100: TOTAL COSTO DIRECTO $ | N100: =N53+N73+N83+N98 -> 351139.12
B102: V. COSTOS INDIRECTOS
B104: DESCRIPCIÓN | K104: Porcentaje | L104: Valor Total
B105: ADMINISTRACION | K105: 0.2 | L105: =K105*N100 -> 70227.825
B106: IMPREVISTOS | K106: 0.05 | L106: =K106*N100 -> 17556.956
B107: UTILIDAD | K107: 0.05 | L107: =K107*N100 -> 17556.956
B108: SUBTOTAL $ | N108: =L105+L106+L107 -> 105341.74
B110: Precio Unitario Total Aproximado al Peso $ | N110: =ROUND(N100+N108,0) -> 456481
E115: Firma
E116: Nombre:
E117: Representante Legal del Contratista o su Apoderado
E118: Matricula No. :
B120: OBSERVACIONES INTERVENTORÍA:
B125: APROBACIÓN POR INTERVENTORÍA
B126: Nota 1: Cuando se trate de Análisis de precios unitarios correspondientes a ítems de la propuesta económica aprobada, el Interventor aprueba el desglose de los componentes manteniendo el mismo precio unitario de cada ítem, cumpliendo con las especificaciones de construcción vigentes para el proyecto.
B128: Nota 2: Cuando se trate de Análisis de precios unitarios de ítems no previstos, el Interventor aprueba el desglose y precio unitario de cada ítem no previsto, exigiendo la aplicación de los costos correspondientes a insumos y tarifas de la propuesta económica inicial cuando estén contemplados, cumpliendo con las especificaciones de construcción vigente para el proyecto.
E134: Firma
E135: Nombre:
E136: Representante Legal del Interventor o su Apoderado
E137: Matricula No. :
B139: NOTA: Los documentos publicados periódicamente son propiedad del Instituto Nacional de Vías. Su uso con fines comerciales o de lucro a cualquier título sin previa autorización, está totalmente prohibido y constituye una infracción a la normatividad vigente.

Sheet 630.1.3.1
K1: CÓDIGO | L1: FR-APU-1
C2: INSTITUTO NACIONAL DE VIAS
C3: ANÁLISIS DE PRECIOS UNITARIOS REGIONALIZADOS DE REFERENCIA | K3: VERSIÓN | L3: 2021
C5: ACTUALIZACIÓN PERIÓDICA | K5: PÁGINA
K8: FECHA
L9: (Día) | M9: (Mes) | N9: (Año)
B10: ÍTEM BASE DE APU DE REFERENCIA: | E10: ⊠ | F10: PUBLICACIÓN: | H10: 2022-2 DICIEMBRE 2022
B12: ÍTEM DE PROYECTO PARTICULAR:
B13: ÍTEM DE LA PROPUESTA ECONÓMICA: | E13: □ | H13: ÍTEM NO PREVISTO: | J13: □ | K13: ÍTEM APU PARTICULAR: | M13: □
B14: UNIDAD EJECUTORA: | J14: DIRECCIÓN TERRITORIAL:
B17: CONTRATO No. | D17: FECHA:
B18: OBJETO DEL CONTRATO:
B21: CARRETERA: | J21: SECTOR:
B23: CONTRATISTA:
B25: INTERVENTOR: | K25: CONTRATO No. | M25: FECHA: | N25: ______________
B27: FECHA DE CIERRE DEL PROCESO DE SELECCIÓN DEL CONTRATO: | I27: / | J27: /
F28: (Día) | H28: (Día) | I28: (Mes) | J28: (Año)
B30: DATOS ESPECÍFICOS
B32: ÍTEM | C32: DESCRIPCIÓN | J32: GRUPO DE AJUSTE | L32: UNIDAD | N32: CANTIDAD
B33: 630.1.3.1 | C33: CONCRETO REFORZADO RESISTENCIA 28MPa (C) - MEZCLA IN SITU | L33: m3
B35: I. EQUIPO
B37: CÓDIGO | C37: DESCRIPCIÓN | J37: TIPO | K37: TARIFA/HORA | L37: RENDIMIENTO | N37: Vr. UNITARIO
B38: C0010010 | C38: Aspersor manual de 20 litros | K38: =VLOOKUP(B38,[115]EQUIPOS!$C$6:$G$137,5,0) -> 3397.0629 | L38: 1 | N38: =K38*L38 -> 3397.0629
B39: C0010922 | C39: Vibrador de concreto, potencia aproximada de 3 hp, mangueras de 4 a 6 metros | K39: =VLOOKUP(B39,[115]EQUIPOS!$C$6:$G$137,5,0) -> 6910.9599 | L39: =1/1 -> 1 | N39: =K39*L39 -> 6910.9599
B40: C0010445 | C40: Formaleta metálica para concreto (m2) | K40: =VLOOKUP(B40,[115]EQUIPOS!$C$6:$G$137,5,0) -> 841.02811 | L40: 314 | N40: =K40*L40 -> 264082.83
B41: C0010665 | C41: Planta dosificadora (mezcladora) de concreto | K41: =VLOOKUP(B41,[115]EQUIPOS!$C$6:$G$137,5,0) -> 144073.92 | L41: 1 | N41: =K41*L41 -> 144073.92
N42: =K42*L42 -> 0
N43: =K43*L43 -> 0
N44: =K44*L44 -> 0
N45: =K45*L45 -> 0
N46: =K46*L46 -> 0
N47: =K47*L47 -> 0
N48: =K48*L48 -> 0
N49: =K49*L49 -> 0
N50: =K50*L50 -> 0
N51: =K51*L51 -> 0
C52: HERRAMIENTA MENOR (%) | L52: 0.05 | N52: =L52*N98 -> 2967.7083
B53: SUBTOTAL $ | N53: =SUM(N38:N52) -> 421432.48
B55: II. MATERIALES
B57: CÓDIGO | C57: DESCRIPCIÓN | J57: UNIDAD | K57: CANTIDAD | L57: PRECIO UNIT. | N57: Vr. UNITARIO
B58: B0063290 | C58: Emulsion acuosa de parafina para curado de concreto, que evite la pérdida prematura de humedad de concretos y morteros | J58: kg | K58: 1 | L58: =VLOOKUP(B58,[115]MATERIALES!$C$6:$F$373,4,0) -> 7524.745 | N58: =K58*L58 -> 7524.745
B59: B0063200 | C59: Agua | J59: L | K59: 220 | L59: =VLOOKUP(B59,[115]MATERIALES!$C$6:$F$373,4,0) -> 97.193242 | N59: =K59*L59 -> 21382.513
B60: B0053103 | C60: Agregado grueso (grava, grava triturada y/o roca triturada) | J60: m3 | K60: 0.67 | L60: =VLOOKUP(B60,[115]MATERIALES!$C$6:$F$373,4,0) -> 69756.045 | N60: =K60*L60 -> 46736.55
B61: B0053101 | C61: Agregado fino para concreto (tamaño máximo 4,75mm - arena natural o trituración de roca, gravas, y/o escorias) | J61: m3 | K61: 0.67 | L61: =VLOOKUP(B61,[115]MATERIALES!$C$6:$F$373,4,0) -> 60891.647 | N61: =K61*L61 -> 40797.404
B62: B0103569 | C62: Cemento hidráulico NTC 121 tipo UG | J62: kg | K62: 500 | L62: =VLOOKUP(B62,[115]MATERIALES!$C$6:$F$373,4,0) -> 545.26497 | N62: =K62*L62 -> 272632.48
N63: =K63*L63 -> 0
N64: =K64*L64 -> 0
N65: =K65*L65 -> 0
N66: =K66*L66 -> 0
N67: =K67*L67 -> 0
N68: =K68*L68 -> 0
N69: =K69*L69 -> 0
N70: =K70*L70 -> 0
N71: =K71*L71 -> 0
N72: =K72*L72 -> 0
B73: SUBTOTAL $ | N73: =SUM(N58:N72) -> 389073.7
B75: III. TRANSPORTES
B77: CÓDIGO | C77: DESCRIPCIÓN | I77: UNIDAD | J77: CANTIDAD (1) | K77: DISTANCIA (2) | L77: (1) * (2) | M77: TARIFA | N77: Vr. UNITARIO
B78: T0010400 | C78: Transporte de agregados | I78: m3-km | J78: =K60+K61 -> 1.34 | K78: 1 | L78: =J78*K78 -> 1.34 | M78: =VLOOKUP(B78,[115]TRANSPORTE!$C$6:$F$40,4,0) -> 901.78941 | N78: =L78*M78 -> 1208.3978
N79: =L79*M79 -> 0
N80: =L80*M80 -> 0
N81: =L81*M81 -> 0
N82: =L82*M82 -> 0
B83: SUBTOTAL $ | N83: =SUM(N78:N82) -> 1208.3978
B85: IV. MANO DE OBRA
B87: CÓDIGO | C87: DESCRIPCIÓN | I87: JORNAL | J87: PRESTACIONES (%) | K87: JR. TOTAL | L87: RENDIMIENTO | N87: Vr. UNITARIO
B88: A0030060 | C88: Obrero (6) | I88: =K88/J88*100 -> 200000 | J88: 185 | K88: =VLOOKUP(B88,'[115]MANO DE OBRA'!$C$15:$F$79,4,0) -> 370000 | L88: 8 | N88: =K88/L88 -> 46250
B89: A0040010 | C89: Oficial | I89: =K89/J89*100 -> 56666.667 | J89: 185 | K89: =VLOOKUP(B89,'[115]MANO DE OBRA'!$C$15:$F$79,4,0) -> 104833.33 | L89: 8 | N89: =K89/L89 -> 13104.167
B98: SUBTOTAL $ | N98: =SUM(N88:N97) -> 59354.167
B100: TOTAL COSTO DIRECTO $ | N100: =N53+N73+N83+N98 -> 871068.74
B102: V. COSTOS INDIRECTOS
B104: DESCRIPCIÓN | K104: Porcentaje | L104: Valor Total
B105: ADMINISTRACION | K105: 0.2 | L105: =K105*N100 -> 174213.75
B106: IMPREVISTOS | K106: 0.05 | L106: =K106*N100 -> 43553.437
B107: UTILIDAD | K107: 0.05 | L107: =K107*N100 -> 43553.437
B108: SUBTOTAL $ | N108: =L105+L106+L107 -> 261320.62
B110: Precio Unitario Total Aproximado al Peso $ | N110: =ROUND(N100+N108,0) -> 1132389
E115: Firma
E116: Nombre:
E117: Representante Legal del Contratista o su Apoderado
E118: Matricula No. :
B120: OBSERVACIONES INTERVENTORÍA:
B125: APROBACIÓN POR INTERVENTORÍA
B126: Nota 1: Cuando se trate de Análisis de precios unitarios correspondientes a ítems de la propuesta económica aprobada, el Interventor aprueba el desglose de los componentes manteniendo el mismo precio unitario de cada ítem, cumpliendo con las especificaciones de construcción vigentes para el proyecto.
B128: Nota 2: Cuando se trate de Análisis de precios unitarios de ítems no previstos, el Interventor aprueba el desglose y precio unitario de cada ítem no previsto, exigiendo la aplicación de los costos correspondientes a insumos y tarifas de la propuesta económica inicial cuando estén contemplados, cumpliendo con las especificaciones de construcción vigente para el proyecto.
E134: Firma
E135: Nombre:
E136: Representante Legal del Interventor o su Apoderado
E137: Matricula No. :
B139: NOTA: Los documentos publicados periódicamente son propiedad del Instituto Nacional de Vías. Su uso con fines comerciales o de lucro a cualquier título sin previa autorización, está totalmente prohibido y constituye una infracción a la normatividad vigente.

Sheet 640.1
K1: CÓDIGO | L1: FR-APU-1
C2: INSTITUTO NACIONAL DE VIAS
C3: ANÁLISIS DE PRECIOS UNITARIOS REGIONALIZADOS DE REFERENCIA | K3: VERSIÓN | L3: 2021
C5: ACTUALIZACIÓN PERIÓDICA | K5: PÁGINA
K8: FECHA
L9: (Día) | M9: (Mes) | N9: (Año)
B10: ÍTEM BASE DE APU DE REFERENCIA: | E10: ⊠ | F10: PUBLICACIÓN: | H10: 2022-2 DICIEMBRE 2022
B12: ÍTEM DE PROYECTO PARTICULAR:
B13: ÍTEM DE LA PROPUESTA ECONÓMICA: | E13: □ | H13: ÍTEM NO PREVISTO: | J13: □ | K13: ÍTEM APU PARTICULAR: | M13: □
B14: UNIDAD EJECUTORA: | J14: DIRECCIÓN TERRITORIAL:
B17: CONTRATO No. | D17: FECHA:
B18: OBJETO DEL CONTRATO:
B21: CARRETERA: | J21: SECTOR:
B23: CONTRATISTA:
B25: INTERVENTOR: | K25: CONTRATO No. | M25: FECHA: | N25: ______________
B27: FECHA DE CIERRE DEL PROCESO DE SELECCIÓN DEL CONTRATO: | I27: / | J27: /
F28: (Día) | H28: (Día) | I28: (Mes) | J28: (Año)
B30: DATOS ESPECÍFICOS
B32: ÍTEM | C32: DESCRIPCIÓN | J32: GRUPO DE AJUSTE | L32: UNIDAD | N32: CANTIDAD
B33: 640.1 | C33: ACERO DE REFUERZO Fy 4200 MPa | L33: kg
B35: I. EQUIPO
B37: CÓDIGO | C37: DESCRIPCIÓN | J37: TIPO | K37: TARIFA/HORA | L37: RENDIMIENTO | N37: Vr. UNITARIO
B38: C0010170 | C38: Cizalla manual de 90 cm | K38: =VLOOKUP(B38,[115]EQUIPOS!$C$6:$G$137,5,0) -> 1756.9373 | L38: =1/38.125 -> 0.026229508 | N38: =K38*L38 -> 46.083601
N39: =K39*L39 -> 0
N40: =K40*L40 -> 0
N41: =K41*L41 -> 0
N42: =K42*L42 -> 0
N43: =K43*L43 -> 0
N44: =K44*L44 -> 0
N45: =K45*L45 -> 0
N46: =K46*L46 -> 0
N47: =K47*L47 -> 0
N48: =K48*L48 -> 0
N49: =K49*L49 -> 0
N50: =K50*L50 -> 0
N51: =K51*L51 -> 0
C52: HERRAMIENTA MENOR (%) | L52: 0.02 | N52: =L52*N98 -> 10.918033
B53: SUBTOTAL $ | N53: =SUM(N38:N52) -> 57.001634
B55: II. MATERIALES
B57: CÓDIGO | C57: DESCRIPCIÓN | J57: UNIDAD | K57: CANTIDAD | L57: PRECIO UNIT. | N57: Vr. UNITARIO
B58: B0020003 | C58: Acero de refuerzo PDR-60, Fy: 4200 kg/cm2 | J58: kg | K58: 1.051 | L58: =VLOOKUP(B58,[115]MATERIALES!$C$6:$F$373,4,0) -> 3993.1973 | N58: =K58*L58 -> 4196.8504
B59: B0073230 | C59: Alambre negro para amarre calibre 18 | J59: kg | K59: 0.0376 | L59: =VLOOKUP(B59,[115]MATERIALES!$C$6:$F$373,4,0) -> 7903.4361 | N59: =K59*L59 -> 297.1692
N60: =K60*L60 -> 0
N61: =K61*L61 -> 0
N62: =K62*L62 -> 0
N63: =K63*L63 -> 0
N64: =K64*L64 -> 0
N65: =K65*L65 -> 0
N66: =K66*L66 -> 0
N67: =K67*L67 -> 0
N68: =K68*L68 -> 0
N69: =K69*L69 -> 0
N70: =K70*L70 -> 0
N71: =K71*L71 -> 0
N72: =K72*L72 -> 0
B73: SUBTOTAL $ | N73: =SUM(N58:N72) -> 4494.0196
B75: III. TRANSPORTES
B77: CÓDIGO | C77: DESCRIPCIÓN | I77: UNIDAD | J77: CANTIDAD (1) | K77: DISTANCIA (2) | L77: (1) * (2) | M77: TARIFA | N77: Vr. UNITARIO
B78: T0100002 | C78: Transporte de acero | I78: kg-km | J78: 1.051 | K78: 1 | L78: =J78*K78 -> 1.051 | M78: =VLOOKUP(B78,[115]TRANSPORTE!$C$6:$F$40,4,0) -> 0.72605358 | N78: =L78*M78 -> 0.76308231
N79: =L79*M79 -> 0
N80: =L80*M80 -> 0
N81: =L81*M81 -> 0
N82: =L82*M82 -> 0
B83: SUBTOTAL $ | N83: =SUM(N78:N82) -> 0.76308231
B85: IV. MANO DE OBRA
B87: CÓDIGO | C87: DESCRIPCIÓN | I87: JORNAL | J87: PRESTACIONES (%) | K87: JR. TOTAL | L87: RENDIMIENTO | N87: Vr. UNITARIO
B88: A0030010 | C88: Obrero | I88: =K88/J88*100 -> 33333.333 | J88: 185 | K88: =VLOOKUP(B88,'[115]MANO DE OBRA'!$C$15:$F$79,4,0) -> 61666.667 | L88: 305 | N88: =K88/L88 -> 202.18579
B89: A0040010 | C89: Oficial | I89: =K89/J89*100 -> 56666.667 | J89: 185 | K89: =VLOOKUP(B89,'[115]MANO DE OBRA'!$C$15:$F$79,4,0) -> 104833.33 | L89: 305 | N89: =K89/L89 -> 343.71585
B98: SUBTOTAL $ | N98: =SUM(N88:N97) -> 545.90164
B100: TOTAL COSTO DIRECTO $ | N100: =N53+N73+N83+N98 -> 5097.686
B102: V. COSTOS INDIRECTOS
B104: DESCRIPCIÓN | K104: Porcentaje | L104: Valor Total
B105: ADMINISTRACION | K105: 0.2 | L105: =K105*N100 -> 1019.5372
B106: IMPREVISTOS | K106: 0.05 | L106: =K106*N100 -> 254.8843
B107: UTILIDAD | K107: 0.05 | L107: =K107*N100 -> 254.8843
B108: SUBTOTAL $ | N108: =L105+L106+L107 -> 1529.3058
B110: Precio Unitario Total Aproximado al Peso $ | N110: =ROUND(N100+N108,0) -> 6627
E115: Firma
E116: Nombre:
E117: Representante Legal del Contratista o su Apoderado
E118: Matricula No. :
B120: OBSERVACIONES INTERVENTORÍA:
B125: APROBACIÓN POR INTERVENTORÍA
B126: Nota 1: Cuando se trate de Análisis de precios unitarios correspondientes a ítems de la propuesta económica aprobada, el Interventor aprueba el desglose de los componentes manteniendo el mismo precio unitario de cada ítem, cumpliendo con las especificaciones de construcción vigentes para el proyecto.
B128: Nota 2: Cuando se trate de Análisis de precios unitarios de ítems no previstos, el Interventor aprueba el desglose y precio unitario de cada ítem no previsto, exigiendo la aplicación de los costos correspondientes a insumos y tarifas de la propuesta económica inicial cuando estén contemplados, cumpliendo con las especificaciones de construcción vigente para el proyecto.
E134: Firma
E135: Nombre:
E136: Representante Legal del Interventor o su Apoderado
E137: Matricula No. :
B139: NOTA: Los documentos publicados periódicamente son propiedad del Instituto Nacional de Vías. Su uso con fines comerciales o de lucro a cualquier título sin previa autorización, está totalmente prohibido y constituye una infracción a la normatividad vigente.

Sheet 610.1
K1: CÓDIGO | L1: FR-APU-1
C2: INSTITUTO NACIONAL DE VIAS
C3: ANÁLISIS DE PRECIOS UNITARIOS REGIONALIZADOS DE REFERENCIA | K3: VERSIÓN | L3: 2021
C5: ACTUALIZACIÓN PERIÓDICA | K5: PÁGINA
K8: FECHA
L9: (Día) | M9: (Mes) | N9: (Año)
B10: ÍTEM BASE DE APU DE REFERENCIA: | E10: ⊠ | F10: PUBLICACIÓN: | H10: 2022-2 DICIEMBRE 2022
B12: ÍTEM DE PROYECTO PARTICULAR:
B13: ÍTEM DE LA PROPUESTA ECONÓMICA: | E13: □ | H13: ÍTEM NO PREVISTO: | J13: □ | K13: ÍTEM APU PARTICULAR: | M13: □
B14: UNIDAD EJECUTORA: | J14: DIRECCIÓN TERRITORIAL:
B17: CONTRATO No. | D17: FECHA:
B18: OBJETO DEL CONTRATO:
B21: CARRETERA: | J21: SECTOR:
B23: CONTRATISTA:
B25: INTERVENTOR: | K25: CONTRATO No. | M25: FECHA: | N25: ______________
B27: FECHA DE CIERRE DEL PROCESO DE SELECCIÓN DEL CONTRATO: | I27: / | J27: /
F28: (Día) | H28: (Día) | I28: (Mes) | J28: (Año)
B30: DATOS ESPECÍFICOS
B32: ÍTEM | C32: DESCRIPCIÓN | J32: GRUPO DE AJUSTE | L32: UNIDAD | N32: CANTIDAD
B33: 610.1 | C33: RELLENO PARA ESTRUCTURAS CON SUELO (analizado sin preparación de la superficie base del relleno) | L33: m3
B35: I. EQUIPO
B37: CÓDIGO | C37: DESCRIPCIÓN | J37: TIPO | K37: TARIFA/HORA | L37: RENDIMIENTO | N37: Vr. UNITARIO
B38: C0010200 | C38: Compactador manual (saltarín) peso de operación (kg.) 52, fuerza de impacto por golpe (KN) 12 | K38: =VLOOKUP(B38,[115]EQUIPOS!$C$6:$G$137,5,0) -> 9831.6114 | L38: 0.3745 | N38: =K38*L38 -> 3681.9385
N39: =K39*L39 -> 0
N40: =K40*L40 -> 0
N41: =K41*L41 -> 0
N42: =K42*L42 -> 0
N43: =K43*L43 -> 0
N44: =K44*L44 -> 0
N45: =K45*L45 -> 0
N46: =K46*L46 -> 0
N47: =K47*L47 -> 0
N48: =K48*L48 -> 0
N49: =K49*L49 -> 0
N50: =K50*L50 -> 0
N51: =K51*L51 -> 0
C52: HERRAMIENTA MENOR (%) | L52: 0.05 | N52: =L52*N98 -> 836.90476
B53: SUBTOTAL $ | N53: =SUM(N38:N52) -> 4518.8432
B55: II. MATERIALES
B57: CÓDIGO | C57: DESCRIPCIÓN | J57: UNIDAD | K57: CANTIDAD | L57: PRECIO UNIT. | N57: Vr. UNITARIO
B58: B0014410 | C58: Material seleccionado para relleno | J58: m3 | K58: 1.3 | L58: =VLOOKUP(B58,[115]MATERIALES!$C$6:$F$373,4,0) -> 34112.968 | N58: =K58*L58 -> 44346.858
B59: B0063200 | C59: Agua | J59: L | K59: 30 | L59: =VLOOKUP(B59,[115]MATERIALES!$C$6:$F$373,4,0) -> 97.193242 | N59: =K59*L59 -> 2915.7973
N60: =K60*L60 -> 0
N61: =K61*L61 -> 0
N62: =K62*L62 -> 0
N63: =K63*L63 -> 0
N64: =K64*L64 -> 0
N65: =K65*L65 -> 0
N66: =K66*L66 -> 0
N67: =K67*L67 -> 0
N68: =K68*L68 -> 0
N69: =K69*L69 -> 0
N70: =K70*L70 -> 0
N71: =K71*L71 -> 0
N72: =K72*L72 -> 0
B73: SUBTOTAL $ | N73: =SUM(N58:N72) -> 47262.655
B75: III. TRANSPORTES
B77: CÓDIGO | C77: DESCRIPCIÓN | I77: UNIDAD | J77: CANTIDAD (1) | K77: DISTANCIA (2) | L77: (1) * (2) | M77: TARIFA | N77: Vr. UNITARIO
B78: T0010062 | C78: Transporte de material de relleno | I78: m3-km | J78: 1.3 | K78: 29.7 | L78: =J78*K78 -> 38.61 | M78: =VLOOKUP(B78,[115]TRANSPORTE!$C$6:$F$40,4,0) -> 754.98648 | N78: =L78*M78 -> 29150.028
N79: =L79*M79 -> 0
N80: =L80*M80 -> 0
N81: =L81*M81 -> 0
N82: =L82*M82 -> 0
B83: SUBTOTAL $ | N83: =SUM(N78:N82) -> 29150.028
B85: IV. MANO DE OBRA
B87: CÓDIGO | C87: DESCRIPCIÓN | I87: JORNAL | J87: PRESTACIONES (%) | K87: JR. TOTAL | L87: RENDIMIENTO | N87: Vr. UNITARIO
B88: A0030040 | C88: Obrero (4) | I88: =K88/J88*100 -> 133333.33 | J88: 185 | K88: =VLOOKUP(B88,'[115]MANO DE OBRA'!$C$15:$F$79,4,0) -> 246666.67 | L88: 21 | N88: =K88/L88 -> 11746.032
B89: A0040010 | C89: Oficial | I89: =K89/J89*100 -> 56666.667 | J89: 185 | K89: =VLOOKUP(B89,'[115]MANO DE OBRA'!$C$15:$F$79,4,0) -> 104833.33 | L89: 21 | N89: =K89/L89 -> 4992.0635
B98: SUBTOTAL $ | N98: =SUM(N88:N97) -> 16738.095
B100: TOTAL COSTO DIRECTO $ | N100: =N53+N73+N83+N98 -> 97669.622
B102: V. COSTOS INDIRECTOS
B104: DESCRIPCIÓN | K104: Porcentaje | L104: Valor Total
B105: ADMINISTRACION | K105: 0.2 | L105: =K105*N100 -> 19533.924
B106: IMPREVISTOS | K106: 0.05 | L106: =K106*N100 -> 4883.4811
B107: UTILIDAD | K107: 0.05 | L107: =K107*N100 -> 4883.4811
B108: SUBTOTAL $ | N108: =L105+L106+L107 -> 29300.887
B110: Precio Unitario Total Aproximado al Peso $ | N110: =ROUND(N100+N108,0) -> 126971
E115: Firma
E116: Nombre:
E117: Representante Legal del Contratista o su Apoderado
E118: Matricula No. :
B120: OBSERVACIONES INTERVENTORÍA:
B125: APROBACIÓN POR INTERVENTORÍA
B126: Nota 1: Cuando se trate de Análisis de precios unitarios correspondientes a ítems de la propuesta económica aprobada, el Interventor aprueba el desglose de los componentes manteniendo el mismo precio unitario de cada ítem, cumpliendo con las especificaciones de construcción vigentes para el proyecto.
B128: Nota 2: Cuando se trate de Análisis de precios unitarios de ítems no previstos, el Interventor aprueba el desglose y precio unitario de cada ítem no previsto, exigiendo la aplicación de los costos correspondientes a insumos y tarifas de la propuesta económica inicial cuando estén contemplados, cumpliendo con las especificaciones de construcción vigente para el proyecto.
E134: Firma
E135: Nombre:
E136: Representante Legal del Interventor o su Apoderado
E137: Matricula No. :
B139: NOTA: Los documentos publicados periódicamente son propiedad del Instituto Nacional de Vías. Su uso con fines comerciales o de lucro a cualquier título sin previa autorización, está totalmente prohibido y constituye una infracción a la normatividad vigente.

Sheet 311.1
K1: CÓDIGO | L1: FR-APU-1
C2: INSTITUTO NACIONAL DE VIAS
C3: ANÁLISIS DE PRECIOS UNITARIOS REGIONALIZADOS DE REFERENCIA | K3: VERSIÓN | L3: 2021
C5: ACTUALIZACIÓN PERIÓDICA | K5: PÁGINA
K8: FECHA
L9: (Día) | M9: (Mes) | N9: (Año)
B10: ÍTEM BASE DE APU DE REFERENCIA: | E10: ⊠ | F10: PUBLICACIÓN: | H10: 2022-2 DICIEMBRE 2022
B12: ÍTEM DE PROYECTO PARTICULAR:
B13: ÍTEM DE LA PROPUESTA ECONÓMICA: | E13: □ | H13: ÍTEM NO PREVISTO: | J13: □ | K13: ÍTEM APU PARTICULAR: | M13: □
B14: UNIDAD EJECUTORA: | J14: DIRECCIÓN TERRITORIAL:
B17: CONTRATO No. | D17: FECHA:
B18: OBJETO DEL CONTRATO:
B21: CARRETERA: | J21: SECTOR:
B23: CONTRATISTA:
B25: INTERVENTOR: | K25: CONTRATO No. | M25: FECHA: | N25: ______________
B27: FECHA DE CIERRE DEL PROCESO DE SELECCIÓN DEL CONTRATO: | I27: / | J27: /
F28: (Día) | H28: (Día) | I28: (Mes) | J28: (Año)
B30: DATOS ESPECÍFICOS
B32: ÍTEM | C32: DESCRIPCIÓN | J32: GRUPO DE AJUSTE | L32: UNIDAD | N32: CANTIDAD
B33: 311.1 | C33: AFIRMADO | L33: m3
B35: I. EQUIPO
B37: CÓDIGO | C37: DESCRIPCIÓN | J37: TIPO | K37: TARIFA/HORA | L37: RENDIMIENTO | N37: Vr. UNITARIO
B38: C0010150 | C38: Carrotanque de agua(1000 Galones) | K38: =VLOOKUP(B38,[115]EQUIPOS!$C$6:$G$137,5,0) -> 78743.544 | L38: =1/45 -> 0.022222222 | N38: =K38*L38 -> 1749.8565
B39: C0010610 | C39: Motoniveladora potencia 215 HP, ancho de cuchilla 4,27 m, peso 18 ton | K39: =VLOOKUP(B39,[115]EQUIPOS!$C$6:$G$137,5,0) -> 188672.9 | L39: =1/45 -> 0.022222222 | N39: =K39*L39 -> 4192.731
B40: C0010923 | C40: Vibrocompactador, potencia 153 HP, peso 10 ton | K40: =VLOOKUP(B40,[115]EQUIPOS!$C$6:$G$137,5,0) -> 124498.05 | L40: =1/45 -> 0.022222222 | N40: =K40*L40 -> 2766.6233
N41: =K41*L41 -> 0
N42: =K42*L42 -> 0
N43: =K43*L43 -> 0
N44: =K44*L44 -> 0
N45: =K45*L45 -> 0
N46: =K46*L46 -> 0
N47: =K47*L47 -> 0
N48: =K48*L48 -> 0
N49: =K49*L49 -> 0
N50: =K50*L50 -> 0
N51: =K51*L51 -> 0
C52: HERRAMIENTA MENOR (%) | L52: 0.05 | N52: =L52*N98 -> 31.689815
B53: SUBTOTAL $ | N53: =SUM(N38:N52) -> 8740.9007
B55: II. MATERIALES
B57: CÓDIGO | C57: DESCRIPCIÓN | J57: UNIDAD | K57: CANTIDAD | L57: PRECIO UNIT. | N57: Vr. UNITARIO
B58: B0063200 | C58: Agua | J58: L | K58: 22 | L58: =VLOOKUP(B58,[115]MATERIALES!$C$6:$F$373,4,0) -> 97.193242 | N58: =K58*L58 -> 2138.2513
B59: B0014270 | C59: Material de afirmado CBR ≥ 15% | J59: m3 | K59: 1.25 | L59: =VLOOKUP(B59,[115]MATERIALES!$C$6:$F$373,4,0) -> 42488.838 | N59: =K59*L59 -> 53111.048
N60: =K60*L60 -> 0
N61: =K61*L61 -> 0
N62: =K62*L62 -> 0
N63: =K63*L63 -> 0
N64: =K64*L64 -> 0
N65: =K65*L65 -> 0
N66: =K66*L66 -> 0
N67: =K67*L67 -> 0
N68: =K68*L68 -> 0
N69: =K69*L69 -> 0
N70: =K70*L70 -> 0
N71: =K71*L71 -> 0
N72: =K72*L72 -> 0
B73: SUBTOTAL $ | N73: =SUM(N58:N72) -> 55249.299
B75: III. TRANSPORTES
B77: CÓDIGO | C77: DESCRIPCIÓN | I77: UNIDAD | J77: CANTIDAD (1) | K77: DISTANCIA (2) | L77: (1) * (2) | M77: TARIFA | N77: Vr. UNITARIO
B78: T0010010 | C78: Transporte de material de afirmado | I78: m3-km | J78: 1.25 | K78: 29.7 | L78: =J78*K78 -> 37.125 | M78: =VLOOKUP(B78,[115]TRANSPORTE!$C$6:$F$40,4,0) -> 767.56959 | N78: =L78*M78 -> 28496.021
N79: =L79*M79 -> 0
N80: =L80*M80 -> 0
N81: =L81*M81 -> 0
N82: =L82*M82 -> 0
B83: SUBTOTAL $ | N83: =SUM(N78:N82) -> 28496.021
B85: IV. MANO DE OBRA
B87: CÓDIGO | C87: DESCRIPCIÓN | I87: JORNAL | J87: PRESTACIONES (%) | K87: JR. TOTAL | L87: RENDIMIENTO | N87: Vr. UNITARIO
B88: A0040010 | C88: Oficial | I88: =K88/J88*100 -> 56666.667 | J88: 185 | K88: =VLOOKUP(B88,'[115]MANO DE OBRA'!$C$15:$F$79,4,0) -> 104833.33 | L88: 360 | N88: =K88/L88 -> 291.2037
B89: A0030020 | C89: Obrero (2) | I89: =K89/J89*100 -> 66666.667 | J89: 185 | K89: =VLOOKUP(B89,'[115]MANO DE OBRA'!$C$15:$F$79,4,0) -> 123333.33 | L89: 360 | N89: =K89/L89 -> 342.59259
B98: SUBTOTAL $ | N98: =SUM(N88:N97) -> 633.7963
B100: TOTAL COSTO DIRECTO $ | N100: =N53+N73+N83+N98 -> 93120.017
B102: V. COSTOS INDIRECTOS
B104: DESCRIPCIÓN | K104: Porcentaje | L104: Valor Total
B105: ADMINISTRACION | K105: 0.2 | L105: =K105*N100 -> 18624.003
B106: IMPREVISTOS | K106: 0.05 | L106: =K106*N100 -> 4656.0009
B107: UTILIDAD | K107: 0.05 | L107: =K107*N100 -> 4656.0009
B108: SUBTOTAL $ | N108: =L105+L106+L107 -> 27936.005
B110: Precio Unitario Total Aproximado al Peso $ | N110: =ROUND(N100+N108,0) -> 121056
E115: Firma
E116: Nombre:
E117: Representante Legal del Contratista o su Apoderado
E118: Matricula No. :
B120: OBSERVACIONES INTERVENTORÍA:
B125: APROBACIÓN POR INTERVENTORÍA
B126: Nota 1: Cuando se trate de Análisis de precios unitarios correspondientes a ítems de la propuesta económica aprobada, el Interventor aprueba el desglose de los componentes manteniendo el mismo precio unitario de cada ítem, cumpliendo con las especificaciones de construcción vigentes para el proyecto.
B128: Nota 2: Cuando se trate de Análisis de precios unitarios de ítems no previstos, el Interventor aprueba el desglose y precio unitario de cada ítem no previsto, exigiendo la aplicación de los costos correspondientes a insumos y tarifas de la propuesta económica inicial cuando estén contemplados, cumpliendo con las especificaciones de construcción vigente para el proyecto.
E134: Firma
E135: Nombre:
E136: Representante Legal del Interventor o su Apoderado
E137: Matricula No. :
B139: NOTA: Los documentos publicados periódicamente son propiedad del Instituto Nacional de Vías. Su uso con fines comerciales o de lucro a cualquier título sin previa autorización, está totalmente prohibido y constituye una infracción a la normatividad vigente.

Sheet 310.1
K1: CÓDIGO | L1: FR-APU-1
C2: INSTITUTO NACIONAL DE VIAS
C3: ANÁLISIS DE PRECIOS UNITARIOS REGIONALIZADOS DE REFERENCIA | K3: VERSIÓN | L3: 2021
C5: ACTUALIZACIÓN PERIÓDICA | K5: PÁGINA
K8: FECHA
L9: (Día) | M9: (Mes) | N9: (Año)
B10: ÍTEM BASE DE APU DE REFERENCIA: | E10: ⊠ | F10: PUBLICACIÓN: | H10: 2022-2 DICIEMBRE 2022
B12: ÍTEM DE PROYECTO PARTICULAR:
B13: ÍTEM DE LA PROPUESTA ECONÓMICA: | E13: □ | H13: ÍTEM NO PREVISTO: | J13: □ | K13: ÍTEM APU PARTICULAR: | M13: □
B14: UNIDAD EJECUTORA: | J14: DIRECCIÓN TERRITORIAL:
B17: CONTRATO No. | D17: FECHA:
B18: OBJETO DEL CONTRATO:
B21: CARRETERA: | J21: SECTOR:
B23: CONTRATISTA:
B25: INTERVENTOR: | K25: CONTRATO No. | M25: FECHA: | N25: ______________
B27: FECHA DE CIERRE DEL PROCESO DE SELECCIÓN DEL CONTRATO: | I27: / | J27: /
F28: (Día) | H28: (Día) | I28: (Mes) | J28: (Año)
B30: DATOS ESPECÍFICOS
B32: ÍTEM | C32: DESCRIPCIÓN | J32: GRUPO DE AJUSTE | L32: UNIDAD | N32: CANTIDAD
B33: 310.1 | C33: CONFORMACIÓN DE LA CALZADA EXISTENTE | L33: m2
B35: I. EQUIPO
B37: CÓDIGO | C37: DESCRIPCIÓN | J37: TIPO | K37: TARIFA/HORA | L37: RENDIMIENTO | N37: Vr. UNITARIO
B38: C0010150 | C38: Carrotanque de agua(1000 Galones) | K38: =VLOOKUP(B38,[115]EQUIPOS!$C$6:$G$137,5,0) -> 78743.544 | L38: =1/619.375 -> 0.0016145308 | N38: =K38*L38 -> 127.13388
B39: C0010610 | C39: Motoniveladora potencia 215 HP, ancho de cuchilla 4,27 m, peso 18 ton | K39: =VLOOKUP(B39,[115]EQUIPOS!$C$6:$G$137,5,0) -> 188672.9 | L39: =1/619.375 -> 0.0016145308 | N39: =K39*L39 -> 304.6182
B40: C0010923 | C40: Vibrocompactador, potencia 153 HP, peso 10 ton | K40: =VLOOKUP(B40,[115]EQUIPOS!$C$6:$G$137,5,0) -> 124498.05 | L40: =1/619.375 -> 0.0016145308 | N40: =K40*L40 -> 201.00593
B41: C0010130 | C41: Cargador: potencia en el volante 110 hp, clasificación de rpm del motor 2300 | K41: =VLOOKUP(B41,[115]EQUIPOS!$C$6:$G$137,5,0) -> 154954.01 | L41: =1/619.375 -> 0.0016145308 | N41: =K41*L41 -> 250.17803
N42: =K42*L42 -> 0
N43: =K43*L43 -> 0
N44: =K44*L44 -> 0
N45: =K45*L45 -> 0
N46: =K46*L46 -> 0
N47: =K47*L47 -> 0
N48: =K48*L48 -> 0
N49: =K49*L49 -> 0
N50: =K50*L50 -> 0
N51: =K51*L51 -> 0
C52: HERRAMIENTA MENOR (%) | L52: 0.05 | N52: =L52*N98 -> 2.3023882
B53: SUBTOTAL $ | N53: =SUM(N38:N52) -> 885.23842
B55: II. MATERIALES
B57: CÓDIGO | C57: DESCRIPCIÓN | J57: UNIDAD | K57: CANTIDAD | L57: PRECIO UNIT. | N57: Vr. UNITARIO
B58: B0063200 | C58: Agua | J58: L | K58: 3 | L58: =VLOOKUP(B58,[115]MATERIALES!$C$6:$F$373,4,0) -> 97.193242 | N58: =K58*L58 -> 291.57973
N59: =K59*L59 -> 0
N60: =K60*L60 -> 0
N61: =K61*L61 -> 0
N62: =K62*L62 -> 0
N63: =K63*L63 -> 0
N64: =K64*L64 -> 0
N65: =K65*L65 -> 0
N66: =K66*L66 -> 0
N67: =K67*L67 -> 0
N68: =K68*L68 -> 0
N69: =K69*L69 -> 0
N70: =K70*L70 -> 0
... N72: =K72*L72 -> 0
B73: SUBTOTAL $ | N73: =SUM(N58:N72) -> 291.57973
B75: III. TRANSPORTES
B77: CÓDIGO | C77: DESCRIPCIÓN | I77: UNIDAD | J77: CANTIDAD (1) | K77: DISTANCIA (2) | L77: (1) * (2) | M77: TARIFA | N77: Vr. UNITARIO
N78: =L78*M78 -> 0
N79: =L79*M79 -> 0
N80: =L80*M80 -> 0
N81: =L81*M81 -> 0
N82: =L82*M82 -> 0
B83: SUBTOTAL $ | N83: =SUM(N78:N82) -> 0
B85: IV. MANO DE OBRA
B87: CÓDIGO | C87: DESCRIPCIÓN | I87: JORNAL | J87: PRESTACIONES (%) | K87: JR. TOTAL | L87: RENDIMIENTO | N87: Vr. UNITARIO
B88: A0040010 | C88: Oficial | I88: =K88/J88*100 -> 56666.667 | J88: 185 | K88: =VLOOKUP(B88,'[115]MANO DE OBRA'!$C$15:$F$79,4,0) -> 104833.33 | L88: 4955 | N88: =K88/L88 -> 21.15708
B89: A0030020 | C89: Obrero (2) | I89: =K89/J89*100 -> 66666.667 | J89: 185 | K89: =VLOOKUP(B89,'[115]MANO DE OBRA'!$C$15:$F$79,4,0) -> 123333.33 | L89: 4955 | N89: =K89/L89 -> 24.890683
B98: SUBTOTAL $ | N98: =SUM(N88:N97) -> 46.047763
B100: TOTAL COSTO DIRECTO $ | N100: =N53+N73+N83+N98 -> 1222.8659
B102: V. COSTOS INDIRECTOS
B104: DESCRIPCIÓN | K104: Porcentaje | L104: Valor Total
B105: ADMINISTRACION | K105: 0.2 | L105: =K105*N100 -> 244.57318
B106: IMPREVISTOS | K106: 0.05 | L106: =K106*N100 -> 61.143295
B107: UTILIDAD | K107: 0.05 | L107: =K107*N100 -> 61.143295
B108: SUBTOTAL $ | N108: =L105+L106+L107 -> 366.85977
B110: Precio Unitario Total Aproximado al Peso $ | N110: =ROUND(N100+N108,0) -> 1590
E115: Firma
E116: Nombre:
E117: Representante Legal del Contratista o su Apoderado
E118: Matricula No. :
B120: OBSERVACIONES INTERVENTORÍA:
B125: APROBACIÓN POR INTERVENTORÍA
B126: Nota 1: Cuando se trate de Análisis de precios unitarios correspondientes a ítems de la propuesta económica aprobada, el Interventor aprueba el desglose de los componentes manteniendo el mismo precio unitario de cada ítem, cumpliendo con las especificaciones de construcción vigentes para el proyecto.
B128: Nota 2: Cuando se trate de Análisis de precios unitarios de ítems no previstos, el Interventor aprueba el desglose y precio unitario de cada ítem no previsto, exigiendo la aplicación de los costos correspondientes a insumos y tarifas de la propuesta económica inicial cuando estén contemplados, cumpliendo con las especificaciones de construcción vigente para el proyecto.
E134: Firma
E135: Nombre:
E136: Representante Legal del Interventor o su Apoderado
E137: Matricula No. :
B139: NOTA: Los documentos publicados periódicamente son propiedad del Instituto Nacional de Vías. Su uso con fines comerciales o de lucro a cualquier título sin previa autorización, está totalmente prohibido y constituye una infracción a la normatividad vigente.

Sheet 210.2.2
K1: CÓDIGO | L1: FR-APU-1
C2: INSTITUTO NACIONAL DE VIAS
C3: ANÁLISIS DE PRECIOS UNITARIOS REGIONALIZADOS DE REFERENCIA | K3: VERSIÓN | L3: 2021
C5: ACTUALIZACIÓN PERIÓDICA | K5: PÁGINA
K8: FECHA
L9: (Día) | M9: (Mes) | N9: (Año)
B10: ÍTEM BASE DE APU DE REFERENCIA: | E10: ⊠ | F10: PUBLICACIÓN: | H10: 2022-2 DICIEMBRE 2022
B12: ÍTEM DE PROYECTO PARTICULAR:
B13: ÍTEM DE LA PROPUESTA ECONÓMICA: | E13: □ | H13: ÍTEM NO PREVISTO: | J13: □ | K13: ÍTEM APU PARTICULAR: | M13: □
B14: UNIDAD EJECUTORA: | J14: DIRECCIÓN TERRITORIAL:
B17: CONTRATO No. | D17: FECHA:
B18: OBJETO DEL CONTRATO:
B21: CARRETERA: | J21: SECTOR:
B23: CONTRATISTA:
B25: INTERVENTOR: | K25: CONTRATO No. | M25: FECHA: | N25: ______________
B27: FECHA DE CIERRE DEL PROCESO DE SELECCIÓN DEL CONTRATO: | I27: / | J27: /
F28: (Día) | H28: (Día) | I28: (Mes) | J28: (Año)
B30: DATOS ESPECÍFICOS
B32: ÍTEM | C32: DESCRIPCIÓN | J32: GRUPO DE AJUSTE | L32: UNIDAD | N32: CANTIDAD
B33: 210.2.2 | C33: EXCAVACIÓN EN MATERIAL COMÚN DE LA EXPLANACIÓN Y CANALES | L33: m3
B35: I. EQUIPO
B37: CÓDIGO | C37: DESCRIPCIÓN | J37: TIPO | K37: TARIFA/HORA | L37: RENDIMIENTO | N37: Vr. UNITARIO
B38: C0010790 | C38: Retroexcavadora sobre oruga, potencia 158 kw, balde de 1.5 m3 | K38: =VLOOKUP(B38,[115]EQUIPOS!$C$6:$G$137,5,0) -> 199786.21 | L38: =1/66 -> 0.015151515 | N38: =K38*L38 -> 3027.0637
B39: C0010052 | C39: Buldozer, potencia al volante de 140 HP, motor de 2200 RPM, longitud de hoja 4,80m | K39: =VLOOKUP(B39,[115]EQUIPOS!$C$6:$G$137,5,0) -> 170995.77 | L39: =1/100 -> 0.01 | N39: =K39*L39 -> 1709.9577
N40: =K40*L40 -> 0
N41: =K41*L41 -> 0
N42: =K42*L42 -> 0
N43: =K43*L43 -> 0
N44: =K44*L44 -> 0
N45: =K45*L45 -> 0
N46: =K46*L46 -> 0
N47: =K47*L47 -> 0
N48: =K48*L48 -> 0
N49: =K49*L49 -> 0
N50: =K50*L50 -> 0
N51: =K51*L51 -> 0
C52: HERRAMIENTA MENOR (%) | L52: 0.01 | N52: =L52*N98 -> 1.1679293
B53: SUBTOTAL $ | N53: =SUM(N38:N52) -> 4738.1893
B55: II. MATERIALES
B57: CÓDIGO | C57: DESCRIPCIÓN | J57: UNIDAD | K57: CANTIDAD | L57: PRECIO UNIT. | N57: Vr. UNITARIO
B58: B0013790 | C58: Derecho de explotación y/o disposición de materiales | J58: m3 | K58: 1 | L58: =VLOOKUP(B58,[115]MATERIALES!$C$6:$F$373,4,0) -> 7199.9085 | N58: =K58*L58 -> 7199.9085
N59: =K59*L59 -> 0
N60: =K60*L60 -> 0
N61: =K61*L61 -> 0
N62: =K62*L62 -> 0
N63: =K63*L63 -> 0
N64: =K64*L64 -> 0
N65: =K65*L65 -> 0
N66: =K66*L66 -> 0
N67: =K67*L67 -> 0
N68: =K68*L68 -> 0
N69: =K69*L69 -> 0
N70: =K70*L70 -> 0
... N72: =K72*L72 -> 0
B73: SUBTOTAL $ | N73: =SUM(N58:N72) -> 7199.9085
B75: III. TRANSPORTES
B77: CÓDIGO | C77: DESCRIPCIÓN | I77: UNIDAD | J77: CANTIDAD (1) | K77: DISTANCIA (2) | L77: (1) * (2) | M77: TARIFA | N77: Vr. UNITARIO
N78: =L78*M78 -> 0
N79: =L79*M79 -> 0
N80: =L80*M80 -> 0
N81: =L81*M81 -> 0
N82: =L82*M82 -> 0
B83: SUBTOTAL $ | N83: =SUM(N78:N82) -> 0
B85: IV. MANO DE OBRA
B87: CÓDIGO | C87: DESCRIPCIÓN | I87: JORNAL | J87: PRESTACIONES (%) | K87: JR. TOTAL | L87: RENDIMIENTO | N87: Vr. UNITARIO
B88: A0030010 | C88: Obrero | I88: =K88/J88*100 -> 33333.333 | J88: 185 | K88: =VLOOKUP(B88,'[115]MANO DE OBRA'!$C$15:$F$79,4,0) -> 61666.667 | L88: 528 | N88: =K88/L88 -> 116.79293
B98: SUBTOTAL $ | N98: =SUM(N88:N97) -> 116.79293
B100: TOTAL COSTO DIRECTO $ | N100: =N53+N73+N83+N98 -> 12054.891
B102: V. COSTOS INDIRECTOS
B104: DESCRIPCIÓN | K104: Porcentaje | L104: Valor Total
B105: ADMINISTRACION | K105: 0.2 | L105: =K105*N100 -> 2410.9782
B106: IMPREVISTOS | K106: 0.05 | L106: =K106*N100 -> 602.74454
B107: UTILIDAD | K107: 0.05 | L107: =K107*N100 -> 602.74454
B108: SUBTOTAL $ | N108: =L105+L106+L107 -> 3616.4672
B110: Precio Unitario Total Aproximado al Peso $ | N110: =ROUND(N100+N108,0) -> 15671
E115: Firma
E116: Nombre:
E117: Representante Legal del Contratista o su Apoderado
E118: Matricula No. :
B120: OBSERVACIONES INTERVENTORÍA:
B125: APROBACIÓN POR INTERVENTORÍA
B126: Nota 1: Cuando se trate de Análisis de precios unitarios correspondientes a ítems de la propuesta económica aprobada, el Interventor aprueba el desglose de los componentes manteniendo el mismo precio unitario de cada ítem, cumpliendo con las especificaciones de construcción vigentes para el proyecto.
B128: Nota 2: Cuando se trate de Análisis de precios unitarios de ítems no previstos, el Interventor aprueba el desglose y precio unitario de cada ítem no previsto, exigiendo la aplicación de los costos correspondientes a insumos y tarifas de la propuesta económica inicial cuando estén contemplados, cumpliendo con las especificaciones de construcción vigente para el proyecto.
E134: Firma
E135: Nombre:
E136: Representante Legal del Interventor o su Apoderado
E137: Matricula No. :
B139: NOTA: Los documentos publicados periódicamente son propiedad del Instituto Nacional de Vías. Su uso con fines comerciales o de lucro a cualquier título sin previa autorización, está totalmente prohibido y constituye una infracción a la normatividad vigente.
